 Dungeon Crawl Stone Soup version 0.28.0-49-g6dfe1f597d (webtiles) character file.

Game seed: 12622141824398895144

520 Exodus22XD the Thaumaturge (level 7, -1/36 HPs)
             Began as a Deep Elf Conjurer on May 19, 2022.
             Slain by Duvessa
             ... wielding a +0 short sword
              (7 damage)
             ... on level 4 of the Dungeon.
             The game lasted 00:04:49 (3201 turns).

Exodus22XD the Thaumaturge (Deep Elf Conjurer)      Turns: 3201, Time: 00:04:50

Health: -1/36      AC:  2    Str:  4    XL:     7   Next: 1%
Magic:  13/22      EV: 12    Int: 25    God:
Gold:   159        SH:  0    Dex: 13    Spells: 22/25 levels left

rFire   + . .      SeeInvis .   p - +0 short sword (elec)
rCold   . . .      Faith    .   (no shield)
rNeg    . . .      Spirit   .   a - +0 robe
rPois   .          Reflect  .   (no helmet)
rElec   .          Harm     .   (no cloak)
rCorr   .          Rampage  .   (no gloves)
Will    .....                   (no boots)
Stlth   ++........              t - amulet of regeneration
HPRegen 0.12/turn               n - ring of protection from fire
MPRegen 0.18/turn               (no ring)

@: no status effects
A: no striking features
a: no special abilities


You were on level 4 of the Dungeon.
You visited 1 branch of the dungeon, and saw 5 of its levels.

You collected 159 gold pieces.

Inventory:

Hand Weapons
 p - a +0 short sword of electrocution (weapon)
Armour
 a - a +0 robe (worn)
Jewellery
 n - a ring of protection from fire (left hand)
 t - an amulet of regeneration (around neck)
Wands
 s - a wand of polymorph (2)
Scrolls
 b - a scroll of fear {unknown}
 c - a scroll of magic mapping {unknown}
 d - 2 scrolls of vulnerability {unknown}
 e - 3 scrolls of identify {unknown}
 i - a scroll of blinking {unknown}
 k - a scroll of holy word {unknown}
 l - a scroll of enchant armour {unknown}
 q - a scroll of fog {unknown}
 r - a scroll of noise {unknown}
 u - a scroll of enchant weapon {unknown}
Potions
 f - a potion of attraction {unknown}
 g - a potion of curing {unknown}
 h - 2 potions of degeneration {unknown}
 j - a potion of flight {unknown}
 m - a potion of magic {unknown}
 o - a potion of mutation {unknown}


   Skills:
 - Level 2.4 Dodging
 - Level 2.4 Stealth
 + Level 9.6 Spellcasting
 - Level 5.1 Conjurations


You had 22 spell levels left.
You knew the following spells:

 Your Spells              Type           Power      Damage    Failure   Level
a - Magic Dart            Conj           100%       1d8       1%          1
b - Searing Ray           Conj           76%        2d7       1%          2

Your spell library contained the following spells:

 Spells                   Type           Power      Damage    Failure   Level
 Apportation              Tloc           24%        N/A       5%          1
 Dazzling Flash           Conj/Hex       50%        N/A       5%          3
 Fulminant Prism          Conj/Hex       12%        3d9       17%         4
 Iskenderun's Mystic Bla  Conj/Tloc      25%        2d7       17%         4
 Alistair's Intoxication  Tmut/Pois      8%         N/A       82%         5


Dungeon Overview and Level Annotations

Branches:
Dungeon (5/15)
 Temple: D:4-7

Altars:
Cheibriados
Elyvilon
Xom
Yredelemnul
Zin
The Shining One

Annotations:
D:4 Duvessa


Message History

The searing ray hits Duvessa!
Duvessa is moderately wounded.
The searing ray hits the scorpion!
The scorpion is heavily wounded. (Press . to maintain the ray.) Duvessa hits you with a +0 short sword.
The searing ray hits Duvessa!
Duvessa is heavily wounded.
The searing ray hits the scorpion!
The scorpion is almost dead.
The searing ray hits Dowan!
Dowan is moderately wounded.
Duvessa hits you with a +0 short sword.
The searing ray hits Duvessa.
Duvessa is heavily wounded.
The searing ray hits the scorpion!
You kill the scorpion!
The searing ray hits Dowan.
Dowan is severely wounded.
Duvessa hits you with a +0 short sword!
* * * LOW HITPOINT WARNING * * *
Your Spellcasting skill increases to level 9!
The searing ray hits Duvessa!
Duvessa is severely wounded.
The searing ray hits Dowan!
You kill Dowan!
Duvessa weeps, and shakes her weapon.
Duvessa goes berserk!
You finish channelling your searing ray.
Duvessa barely misses you.
You have reached level 7!
Casting: Searing Ray (safe; 1% risk of failure)
Confirm with . or Enter, or press ? or * to list all spells.
Aiming: Searing Ray (safe; 1% risk of failure)
Press: ? - help, Shift-Dir - straight line The searing ray hits Duvessa but does no damage.
Duvessa is severely wounded. (Press . to maintain the ray.) Duvessa hits you with a +0 short sword!
You die...

# ###.##.
###########$......
#...@e)........#
#.######.#########.#...#
#.......# ... ...
#.#####..# e.#.# . #..#
.e# # #..# ... ###..#
#... #....# #.## #.#.##
#.#


You could see Duvessa (berserk).

Vanquished Creatures
  Grinder (D:3)
  A gnoll sergeant (D:5)
  A scorpion (D:4)
  Dowan (D:4)
  7 gnolls
  A worm (D:2)
  A dart slug (D:1)
  5 orcs
  8 ball pythons
  4 endoplasms
  2 giant cockroaches
  6 goblins
  7 hobgoblins
  6 jackals
  5 kobolds
  4 quokkas
  5 bats
  3 frilled lizards
  3 rats
71 creatures vanquished.

Notes
Turn   | Place    | Note
-------+----------+-------------------------------------------
     0 | D:1      | Exodus22XD the Deep Elf Conjurer began the quest for the
                  | Orb.
     0 | D:1      | Reached XP level 1. HP: 10/10 MP: 6/6
   296 | D:1      | Reached XP level 2. HP: 15/15 MP: 6/8
   427 | D:1      | Reached skill level 5 in Conjurations
   932 | D:1      | Learned a level 2 spell: Searing Ray
  1315 | D:2      | Reached XP level 3. HP: 19/19 MP: 7/10
  1600 | D:2      | Reached skill level 4 in Spellcasting
  2277 | D:3      | Reached XP level 4. HP: 24/24 MP: 5/12
  2279 | D:3      | Reached skill level 5 in Spellcasting
  2428 | D:3      | Noticed Grinder
  2437 | D:3      | Paralysed by Grinder for 7 turns
  2452 | D:3      | Killed Grinder
  2453 | D:3      | Reached skill level 7 in Spellcasting
  2453 | D:3      | Reached XP level 5. HP: 17/28 MP: 14/17
  2453 | D:3      | Reached XP level 6. HP: 20/32 MP: 14/18
  2585 | D:3      | Found a white marble altar of Elyvilon.
  2587 | D:3      | Found a glowing golden altar of the Shining One.
  2591 | D:3      | Found a snail-covered altar of Cheibriados.
  2591 | D:3      | Found a shimmering altar of Xom.
  2592 | D:3      | Found a glowing silver altar of Zin.
  2595 | D:3      | Found a basalt altar of Yredelemnul.
  2686 | D:3      | Reached skill level 8 in Spellcasting
  2815 | D:3      | You fall into a shaft and drop 2 floors!
  2815 | D:5      | Entered Level 5 of the Dungeon
  3114 | D:4      | Noticed Dowan
  3184 | D:4      | Noticed Duvessa
  3200 | D:4      | Reached skill level 9 in Spellcasting
  3200 | D:4      | Killed Dowan
  3201 | D:4      | Reached XP level 7. HP: 6/36 MP: 15/22
  3201 | D:4      | Slain by Duvessa

Illustrated notes

Levels and vault maps discovered:
D:1:      dpeg_arrival_shrine, layout_loops_cross
D:2:      layout_basic, moated_statue, minmay_pentomino_pile
D:3:      layout_rooms, minitemple, shapermc_ecumenical_altar_venn,
          minmay_increasing_density, uniq_grinder
D:4:      layout_loops_ring, minmay_temple_entry_nine_rooms,
          uniq_crazy_yiuf_cottage, uniq_duvessa
D:5:      layout_loops_ring, uniq_ijyb

Skill      XL: |  1  2  3  4  5  6 |
---------------+-------------------+-----
Conjurations   | 5 |  5.1
Spellcasting   | 4 7 9 |  9.6
Dodging        | |  2.4
Stealth        | |  2.4

Action                   |  1- 3 |  4- 6 |  7- 9 || total
-------------------------+-------+-------+-------++-------
Melee: Unarmed           |     6 |     9 |       ||    15
       Punch             |     1 |       |       ||     1
 Cast: Magic Dart        |    91 |    27 |       ||   118
       Searing Ray       |     2 |     5 |     1 ||     8
 Stab: Sleeping          |     1 |       |       ||     1
       Confused          |       |     2 |       ||     2
Armor: Robe              |     2 |       |       ||     2
       Skin              |       |    11 |       ||    11
Dodge: Dodged            |    10 |     8 |       ||    18
